 Dungeon Crawl Stone Soup version 0.20.1-1-g8b1a95d (webtiles) character file.

168 Peloso the Shield-Bearer (level 5, -6/49 HPs)
             Began as a Deep Dwarf Fighter on Aug 5, 2017.
             Mangled by a wight
             ... wielding a cursed +4 war axe
              (8 damage)
             ... on level 3 of the Dungeon.
             The game lasted 00:04:18 (1441 turns).

Peloso the Shield-Bearer (Deep Dwarf Fighter)       Turns: 1441, Time: 00:04:18

Health: -6/49      AC: 10    Str: 20    XL:     5   Next: 24%
Magic:  5/5        EV:  5    Int:  9    God:
Gold:   82         SH:  9    Dex: 12    Spells: 4/4 levels left

rFire    . . .     SeeInvis .   a - +0 long sword
rCold    . . .     Gourm    .   c - +0 shield
rNeg     . . .     Faith    .   b - +0 chain mail
rPois    .         Spirit   .   (no helmet)
rElec    .         Reflect  .   h - +0 cloak
rCorr    .         Harm     .   (no gloves)
MR       .....                  (no boots)
Stlth    ..........             (no amulet)
Regen    0.0/turn               (no ring)
MPRegen  0.1/turn               (no ring)

@: non-regenerating, heavily drained
A: damage resistance, heal wounds, sense surroundings 1, no regeneration
a: Heal Wounds


You were on level 3 of the Dungeon.
You were not hungry.

You visited 1 branch of the dungeon, and saw 3 of its levels.

You collected 82 gold pieces.

Inventory:

Hand Weapons
 a - a +0 long sword (weapon)
Armour
 b - a +0 chain mail (worn)
 c - a +0 shield (worn)
 h - a +0 cloak (worn)
Jewellery
 l - a +3 ring of strength {unknown}
Scrolls
 e - a scroll of identify
 g - 2 scrolls of teleportation
 i - 2 scrolls of remove curse
 k - a scroll of magic mapping {unknown}
 o - a scroll of enchant armour {unknown}
Potions
 d - 3 potions of might
 j - a potion of curing
 m - a potion of haste {unknown}
 p - 2 potions of flight {unknown}
 q - a potion of brilliance {unknown}
Comestibles
 f - 2 bread rations
 n - 4 fruits


   Skills:
 + Level 3.2(1.7) Fighting
 + Level 3.3(1.8) Long Blades
 + Level 4.2(2.7) Armour
 + Level 0.4(0.0) Dodging
 + Level 0.3(0.0) Stealth
 + Level 4.5(3.0) Shields


You had 4 spell levels left.
You didn't know any spells.

Dungeon Overview and Level Annotations

Branches:
Dungeon (3/15)

Altars:


Innate Abilities, Weirdness & Mutations

You are resistant to damage.
You can heal yourself by infusing magical energy.
You passively map a small area around you.
You do not regenerate.


Message History

The wight hits you but does no damage.
You hit the wight.
The wight is almost destroyed.
The wight hits you but does no damage. x2
You barely miss the wight.
The wight is almost destroyed.
The wight hits you with an enchanted war axe!
* * * LOW HITPOINT WARNING * * *
You closely miss the wight.
The wight is almost destroyed.
The wight hits you with an enchanted war axe!
* * * LOW HITPOINT WARNING * * *
You feel drained.
You closely miss the wight.
The wight is almost destroyed.
The wight hits you but does no damage.
You barely miss the wight.
The wight is almost destroyed.
The wight hits you with an enchanted war axe!
You die...

#.# *# #.# # #.####
#########...(.
######.............
#...##.##...##.....
###.#.......#........
#........##...#...###
#.##@#######.##...# #
*#z# #.##.#.# * , #z#
#....#.# * ..# *
####.#.# * * ..., ,
#.#># * * .### * #. .
* #. , ,


You could see 2 wights.

Vanquished Creatures
  2 wights (D:3)
  3 adders
  An ooze (D:1)
  A worm (D:2)
  A leopard gecko (D:1)
  An orc (D:3)
  4 giant cockroaches
  11 goblins
  6 hobgoblins
  2 jackals (D:1)
  A ball python (D:1)
  7 bats
  4 frilled lizards
  5 kobolds
  2 rats (D:3)
51 creatures vanquished.

Notes
Turn   | Place    | Note
-------+----------+-------------------------------------------
     0 | D:1      | Peloso the Deep Dwarf Fighter began the quest for the Orb.
     0 | D:1      | Reached XP level 1. HP: 20/20 MP: 1/1
   129 | D:1      | Reached XP level 2. HP: 24/27 MP: 2/2
   825 | D:2      | Reached XP level 3. HP: 21/34 MP: 3/3
  1285 | D:3      | Reached XP level 4. HP: 24/42 MP: 4/4
  1423 | D:3      | Reached XP level 5. HP: 20/49 MP: 5/5
  1432 | D:3      | HP: 2/49 [wight/enchanted war axe (1)]
  1439 | D:3      | HP: 2/49 [wight/enchanted war axe (5)]
  1441 | D:3      | Mangled by a wight

Skill      XL: |  1  2  3  4 |
---------------+-------------+-----
Fighting       | 3 |  3.2
Shields        | 4 |  4.5
Long Blades    | 3 |  3.3
Armour         | 4 |  4.2
Dodging        | |  0.4
Stealth        | |  0.3

Action                   |  1- 3 |  4- 6 || total
-------------------------+-------+-------++-------
Melee: Long sword        |   131 |    67 ||   198
 Abil: Heal Wounds       |       |     1 ||     1
  Use: Scroll            |     3 |       ||     3
  Eat: Chunk             |     1 |     1 ||     2
Armor: Scale mail        |     8 |       ||     8
       Chain mail        |    76 |    17 ||    93
Dodge: Dodged            |    26 |    11 ||    37
Block: Shield            |    87 |    33 ||   120
       Rpst.: Long sword |     6 |     3 ||     9
